 Dungeon Crawl Stone Soup version 0.15.2 (webtiles) character file.

6465 Undertale92 the Martial Artist (level 10, -2/85 HPs)
             Began as a Mummy Monk on Nov 1, 2015.
             Slain by a spiny frog (20 damage)
             ... on Level 10 of the Dungeon.
             The game lasted 00:28:55 (17090 turns).

Undertale92 the Martial Artist (Mummy Monk)        Turns: 17090, Time: 00:28:56

HP  -2/85        AC  6     Str 14      XL: 10   Next: 68%
MP  10/10        EV 14     Int  9      God:
Gold 541         SH  0     Dex 17      Spells:  0 memorised,  9 levels left

rFire  x . .     SeeInvis .       - Unarmed
rCold  + . .     Clarity  .     (no armour)
rNeg   + + +     rCorr    .     (no shield)
rPois  +         rRot     +     l - +2 helmet
rElec  .         Spirit   .     (no cloak)
SustAb .         Warding  .     e - +2 pair of gloves
rMut   .         Stasis   .     (no boots)
Gourm  .                        (no amulet)
MR     +....                    (no ring)
                                w - cursed -2 ring of evasion

@: somewhat resistant to hostile enchantments, unstealthy
A: no food or potions, fire vulnerability, restore body, cold resistance 1,
negative energy resistance 3, poison resistance, torment resistance, unbreathing
a: no special abilities


You were on level 10 of the Dungeon.
You were not hungry.

You visited 2 branches of the dungeon, and saw 12 of its levels.

You collected 541 gold pieces.


Innate Abilities, Weirdness & Mutations

You do not eat or drink.
Your flesh is vulnerable to fire.
Your flesh is cold resistant.
You are immune to negative energy.
Your system is resistant to poisons.
You are immune to unholy pain and torment.
You can survive without breathing.


   Skills:
 - Level 10.0 Fighting
 + Level 6.0 Dodging
 - Level 1.5 Stealth
 - Level 10.2 Unarmed Combat


You had 9 spell levels left.
You didn't know any spells.

Inventory:

Armour
 e - a +2 pair of gloves (worn)
 l - a +2 helmet (worn)
Comestibles
 g - 2 bread rations
 j - 6 fruits
 k - 3 slices of pizza
 n - 5 meat rations
 x - a beef jerky
Scrolls
 b - a scroll of amnesia
 c - 2 scrolls of enchant weapon
 d - 3 scrolls of fog
 f - 3 scrolls of remove curse
 h - 3 scrolls of random uselessness
 i - a scroll of magic mapping
 m - 6 scrolls of teleportation
 p - 2 scrolls of fear
 q - 5 scrolls of recharging {unknown}
 u - 3 scrolls of enchant armour
Jewellery
 t - a cursed amulet of inaccuracy {unknown}
 w - a cursed -2 ring of evasion (left hand)

Dungeon Overview and Level Annotations

Branches:
Dungeon (11/15)            Temple (0/1) D:5             Orc (0/4) D:9
   Lair (1/8) D:10

Altars:
Dithmenos
Sif Muna

Annotations:
D:3 Ice beast
D:7 Troll
D:9 Hill Giant, exclusion: downstairs, Joseph
D:10 exclusion: upstairs

▒·······▒▒▒▒·····▒ ▒·······
▒▒▒▒▒▒▒·▒·)··▒▒▒·▒▒
▒▒▒▒▒▒·▒▒▒▒▒·
▒···>·▒▒▒···▒▒▒···Z········
▒·▒▒▒▒▒▒·····▒▒·▒▒▒▒▒▒▒▒▒▒▒
▒▒▒▒·▒ ▒·······▒·▒ ▒▒·▒▒·▒▒
▒▒··P·f··▒·▒ ▒ ▒······▒
▒··········▒ ▒▒▒
▒······▒▒▒··········▒ ▒··
▒······▒▒·····M·····▒ ▒▒·▒
▒·············%F···▒▒
▒▒▒▒··▒
▒······▒▒▒··P······▒
▒····▒▒
▒···▒·····▒·P·····▒▒
▒▒·▒▒▒▒
▒···▒·····▒·······▒▒▒▒▒▒··▒
▒···▒▒▒▒▒·▒▒·····▒▒······▒▒
▒▒·▒▒ ▒·▒▒▒···▒▒▒▒▒▒▒▒▒▒
▒▒▒ ▒····▒···▒
▒▒▒·····▒▒▒▒▒ ▒▒▒▒


You could see a spiny frog.


Message History

The spiny frog is moderately wounded.
The spiny frog misses you.
You hit the spiny frog.
You punch the spiny frog, but do no damage.
The spiny frog is heavily wounded.
The spiny frog closely misses you.
You completely miss the spiny frog.
The spiny frog is heavily wounded.
The spiny frog stings you!!
* * * LOW HITPOINT WARNING * * *
You closely miss the spiny frog.
The spiny frog is heavily wounded.
The spiny frog stings you but does no damage.
You punch the spiny frog!
The spiny frog is severely wounded.
The spiny frog stings you.
* * * LOW HITPOINT WARNING * * *
You hit the spiny frog.
The spiny frog is severely wounded.
The spiny frog stings you.
* * * LOW HITPOINT WARNING * * *
You hit the spiny frog but do no damage.
The spiny frog is severely wounded.
The spiny frog stings you!
* * * LOW HITPOINT WARNING * * *
You are too injured to fight recklessly!
You punch the spiny frog!
The spiny frog is almost dead.
The spiny frog stings you!!
You die...

Action                   |  1- 3 |  4- 6 |  7- 9 | 10-12 || total
-------------------------+-------+-------+-------+-------++-------
Melee: Unarmed           |   247 |   399 |   732 |   273 ||  1651
Throw: Throwing net      |       |       |       |     1 ||     1
  Use: Scroll            |       |     8 |     6 |     2 ||    16
 Stab: Sleeping          |     2 |     3 |     1 |     1 ||     7
       Distracted        |       |       |     1 |       ||     1

Vault maps used:
D:1:      dpeg_arrival_caged_fury, minmay_newt_pond
D:2:      hangedman_decor_diamond_cutter
D:3:      first_bread
D:5:      minmay_temple_entry_statues_fountains, minmay_crystal_room,
          lightli_church_of_beogh
D:7:      basic_altar
D:8:      grunt_dithmenos_smoke
D:9:      orc_0_dummy, st_stairs_14, uniq_joseph
D:10:     david_lair_generic
D:11:     hangedman_stone_soup

Notes
Turn   | Place    | Note
--------------------------------------------------------------
     0 | D:1      | Undertale92, the Mummy Monk, began the quest for the Orb.
     0 | D:1      | Reached XP level 1. HP: 18/18 MP: 1/1
   530 | D:1      | Reached XP level 2. HP: 21/24 MP: 2/2
   796 | D:1      | Reached skill level 4 in Unarmed Combat
  1210 | D:1      | Reached XP level 3. HP: 29/29 MP: 3/3
  2555 | D:2      | Reached XP level 4. HP: 9/35 MP: 4/4
  3352 | D:3      | Reached skill level 5 in Unarmed Combat
  3517 | D:3      | Reached XP level 5. HP: 28/41 MP: 5/5
  4308 | D:4      | Noticed an ice beast
  4431 | D:3      | HP: 3/41 [ice beast (5)]
  5007 | D:4      | Reached skill level 6 in Unarmed Combat
  5029 | D:4      | Reached XP level 6. HP: 22/47 MP: 6/6
  5048 | D:5      | Entered Level 5 of the Dungeon
  5979 | D:5      | Reached skill level 4 in Fighting
  6185 | D:5      | Found a staircase to the Ecumenical Temple.
  6189 | D:5      | Reached skill level 5 in Fighting
  6245 | D:5      | Reached XP level 7. HP: 23/56 MP: 7/7
  6512 | D:4      | Reached skill level 6 in Fighting
  6670 | D:4      | Reached skill level 3 in Dodging
  6945 | D:3      | Killed an ice beast
  7212 | D:6      | Reached skill level 4 in Dodging
  7390 | D:6      | Reached XP level 8. HP: 34/64 MP: 8/8
  7606 | D:6      | Reached skill level 5 in Dodging
  8046 | D:6      | Reached skill level 6 in Dodging
  8591 | D:7      | Found a deep blue altar of Sif Muna.
  8784 | D:7      | Reached skill level 7 in Unarmed Combat
  9170 | D:7      | Reached XP level 9. HP: 54/69 MP: 9/9
  9603 | D:8      | Reached skill level 8 in Unarmed Combat
  9686 | D:8      | Found a shadowy altar of Dithmenos.
 10945 | D:8      | Reached skill level 9 in Unarmed Combat
 11575 | D:9      | Found a staircase to the Orcish Mines.
 11957 | D:9      | Reached skill level 10 in Unarmed Combat
 11996 | D:9      | Noticed Joseph
 12603 | D:10     | Entered Level 10 of the Dungeon
 12603 | D:10     | Noticed a hill giant
 12649 | D:9      | Reached XP level 10. HP: 64/76 MP: 10/10
 13577 | D:10     | Reached skill level 7 in Fighting
 13655 | D:10     | Found a staircase to the Lair.
 13655 | D:10     | Noticed an elephant
 14724 | D:10     | Reached skill level 8 in Fighting
 14757 | D:10     | HP: 6/82 [goliath beetle (25)]
 15285 | D:10     | Killed an elephant
 15285 | D:10     | Reached skill level 9 in Fighting
 15718 | D:11     | Noticed a hill giant
 16234 | Lair:1   | Entered Level 1 of the Lair of Beasts
 16374 | Lair:1   | HP: 6/85 [spiny frog (16)]
 16936 | D:10     | Reached skill level 10 in Fighting
 17090 | D:10     | Slain by a spiny frog

Vanquished Creatures
  An elephant (D:10)
  A basilisk (D:10)
  A deep elf mage (D:9)
  6 yaks (D:10)
  2 hippogriffs
  A hungry ghost (D:8)
  2 sky beasts (D:9)
  4 ice beasts
  A manticore zombie (D:10)
  A necrophage (D:8)
  2 black bears
  3 centaurs
  4 ogres
  A crocodile (D:9)
  A big kobold (D:7)
  10 giant frogs
  A yak zombie (D:7)
  15 killer bees
  3 scorpions
  3 wights (D:8)
  2 crimson imps
  2 quasits
  A centaur skeleton (D:7)
  4 goliath beetles
  4 jellies
  2 hounds
  An orc priest (D:4)
  An orc wizard (D:7)
  A two-headed ogre skeleton (D:8)
  3 iguanas
  8 worker ants
  2 sheep (D:10)
  A hound skeleton (D:3)
  4 shadow imps
  12 adders
  2 giant mites
  5 worms
  2 adder skeletons
  An adder zombie (D:5)
  6 giant geckos
  5 oozes
  15 orcs
  16 bats
  A bat skeleton (D:8)
  9 giant cockroaches
  18 hobgoblins
  9 jackals
  6 quokkas
  A giant cockroach zombie (D:4)
  A giant gecko zombie (D:5)
  13 giant newts
  19 goblins
  A goblin skeleton (D:4)
  22 kobolds
  12 rats
  A rat zombie (D:7)
276 creatures vanquished.
